Map: Nightshade LE

Players

Phoenix - Winner!

  • Race: Zerg Zerg
  • League: Platinum
  • Spawn Location: 5:00

Steelstorm

  • Race: Terran Terran
  • League: Gold
  • Spawn Location: 11:00

VOD

Have the link to the VOD?

Description

Time

  • Played on: April 12, 2020, 3:15 p.m.
  • Length: 6:31
Show
View Real Time Build Order
Export as new Build Order

Phoenix Zerg - Winner!

Build Orders: Hatch First 

Get SALT Encoding   

  12  0:01  Drone  
  13  0:09  Drone  
  14  0:17  Overlord  
  17  0:35  Drone x3  
  17  0:54  Drone  
  18  0:57  Hatchery  
  17  1:13  Spawning Pool  
  17  1:15  Drone, Extractor  
  17  1:18  Drone  
  17  1:31  Drone x2  
  19  1:40  Overlord  
  19  1:51  Drone  
  20  2:00  Queen  
  22  2:09  Queen  
  22  2:11  Drone x2  
  26  2:19  Drone  
  26  2:22  Drone  
  28  2:33  Drone x2  
  28  2:35  Drone  
  31  2:43  Drone  
  32  2:51  Lair  
  32  2:55  Drone x2  
  34  2:59  Extractor  
  34  3:01  Extractor  
  32  3:46  Queen  
  34  3:49  Queen  
  34  3:53  Overlord x4  
  36  4:04  Nydus Network  
  36  4:09  Drone  
  36  4:14  Drone x4  
  40  4:24  Overlord x2  
  40  4:58  Queen x2  
  44  5:04  Roach Warren  
  43  5:22  Overlord x2  
  43  5:34  Queen x2, Nydus Canal  
  47  5:44  Roach x15  
  47  5:46  Roach  
  81  5:50  Roach  
Show
View Real Time Build Order
Export as new Build Order

Steelstorm Terran 

Build Orders:  

Get SALT Encoding   

  12  0:02  SCV  
  13  0:14  Supply Depot  
  13  0:21  Refinery  
  13  0:29  SCV  
  14  0:40  Barracks  
  14  0:44  SCV  
  15  0:57  SCV  
  16  1:14  SCV, Refinery  
  17  1:33  SCV  
  17  1:36  Reaper  
  19  1:44  Factory  
  19  1:46  SCV  
  20  1:58  SCV  
  20  1:59  Supply Depot  
  21  2:10  SCV  
  21  2:15  Barracks Tech Lab  
  22  2:24  Orbital Command  
  22  2:45  Starport  
  22  2:59  Siege Tank  
  22  3:00  SCV  
  26  3:12  SCV  
  27  3:25  SCV  
  28  3:37  SCV  
  29  3:44  Starport Reactor, Engineering Bay  
  29  3:57  Command Center  
  29  3:59  SCV  
  30  4:08  Supply Depot  
  30  4:13  Missile Turret  
  30  4:18  Armory  
  30  4:25  Factory  
  30  4:28  Cyclone  
  33  4:34  Supply Depot  
  33  4:36  SCV  
  34  4:46  Viking  
  34  4:48  SCV  
  34  4:51  Viking  
  39  5:10  Factory Tech Lab  
  39  5:12  Orbital Command  
  39  5:18  Viking  
  41  5:47  Thor  
Tags
 
Add a new tag
Caveats
  • Supply blocks, unpowered buildings, or Contaminate may cause inaccurate times.
  • Supply counts are checked every 10 seconds.